 Dungeon Crawl Stone Soup version 0.28-a0-851-g8b9cc49659 (webtiles) character file.

Game seed: 5687513653992556268

389 jasper the Conjurer (level 6, -2/41 HPs)
             Began as a Mummy Conjurer on Nov 15, 2021.
             Killed from afar by an orc wizard (16 damage)
             ... with a puff of flame
             ... on level 3 of the Dungeon.
             The game lasted 00:06:23 (4587 turns).

jasper the Conjurer (Mummy Conjurer)                Turns: 4587, Time: 00:06:24

Health: -2/41      AC:  2    Str: 11    XL:     6   Next: 50%
Magic:  1/10       EV: 11    Int: 19    God:
Gold:   18         SH:  3    Dex: 10    Spells: 3/10 levels left

rFire   x . .      SeeInvis .   b - +1 flail
rCold   + . .      Faith    .   e - +0 buckler
rNeg    + + +      Spirit   .   a - +0 robe
rPois   ∞          Reflect  .   (no helmet)
rElec   .          Harm     .   (no cloak)
rCorr   .          Rampage  .   (no gloves)
Will    .....                   (no boots)
Stlth   ++........              (no amulet)
HPRegen 0.13/turn               (no ring)
MPRegen 0.12/turn               (no ring)

@: no status effects
A: cold resistance 1, negative energy resistance 3, torment resistance 2, heat
vulnerability 1, no potions
a: no special abilities


You were on level 3 of the Dungeon.
You visited 1 branch of the dungeon, and saw 4 of its levels.

You collected 76 gold pieces.
You spent 58 gold pieces at shops.

Inventory:

Hand Weapons
 b - a +1 flail (weapon)
Missiles
 d - 153 stones
Armour
 a - a +0 robe (worn)
 e - a +0 buckler (worn)
Scrolls
 c - 2 scrolls of identify
 f - a scroll of blinking


   Skills:
 - Level 1.5 Dodging
 - Level 1.5 Stealth
 - Level 2.6 Spellcasting
 + Level 6.6 Conjurations


You had 3 spell levels left.
You knew the following spells:

 Your Spells              Type           Power      Damage    Failure   Level
a - Magic Dart            Conj           100%       1d8       1%          1
b - Searing Ray           Conj           54%        2d6       2%          2
c - Fulminant Prism       Conj/Hex       7%         3d7       56%         4

Your spell library contained the following spells:

 Spells                   Type           Power      Damage    Failure   Level
 Dazzling Flash           Conj/Hex       30%        N/A       21%         3
 Summon Guardian Golem    Hex/Summ       2%         N/A       61%         3
 Iskenderun's Mystic Bla  Conj/Tloc      15%        2d5       56%         4
 Orb of Destruction       Conj           13%        9d6       100%        7
 Spellforged Servitor     Conj/Summ      7%         N/A       100%        7


Dungeon Overview and Level Annotations

Branches:
Dungeon (4/15)
 Temple: D:4-7

Altars:
The Shining One

Shops:
D:3 [


Innate Abilities, Weirdness & Mutations

You are immune to poison.
Your flesh is cold resistant. (rC+)
You are immune to negative energy. (rN+++)
You are immune to unholy pain and torment.
You are vulnerable to heat. (rF-)
You do not drink.


Message History

The orc is severely wounded.
The searing ray hits the orc.
The orc is severely wounded.
The searing ray misses the orc. (Press . to maintain the ray.)
Something hits you. The orc barely misses you.
You take 3 damage, and have 38/41 hp.
You now have 3/10 mp.
The searing ray hits the orc.
You kill the orc!
The searing ray hits the orc.
You kill the orc!
The searing ray hits the orc.
The orc is heavily wounded.
Something hits you.
You take 1 damage, and have 37/41 hp.
You now have 2/10 mp.
The searing ray hits the orc!
You kill the orc!
Something hits you.
You take 3 damage, and have 34/41 hp.
Casting: Searing Ray (safe; 2% risk of failure)
Confirm with . or Enter, or press ? or * to list all spells.
Restarting spell: Searing Ray (safe; 2% risk of failure)
Press: ? - help, Shift-Dir - straight line (Press . to maintain the ray.)
Something hits you.
You take 3 damage, and have 31/41 hp.
You now have 0/10 mp.
You barely miss something. Something hits you. You block something's attack.
You take 2 damage, and have 29/41 hp.
You hit something. Something barely misses you.
You hit something. Something hits you.
You hear some strange, mumbled words.
A puff of flame appears from out of thin air!
The puff of flame hits you! The fire burns you terribly!
You take 16 damage, and have 14/41 hp.
MASSIVE DAMAGE!!
You closely miss something. Something hits you but does no damage.
You miss something. Something barely misses you.
You hear some strange, mumbled words.
A puff of flame appears from out of thin air!
The puff of flame hits you! The fire burns you terribly!
You die...

..... ... ... ... #)#
# #)# .. ##)####..# #
##{@#... .# .####
##...#.###.##.....
####......#.).........
# .#
......†...............
##.....
###...##.#....#...#..#
......# #.....
#(##..##.#'.## .
.....# ..#...
#.##...#.....#.. ....#
#.#....
#.##..#......... ...#
......
#(##...'.._.....


There were no monsters in sight!

Vanquished Creatures
  An ogre (D:3)
  A water moccasin skeleton (D:4)
  A crimson imp (D:3)
  An orc priest (D:3)
  An orc wizard (D:3)
  4 gnolls (D:3)
  4 adders
  2 dart slugs (D:2)
  11 orcs
  6 endoplasms
  6 goblins
  6 hobgoblins
  5 jackals
  5 quokkas
  7 ball pythons
  3 bats
  4 frilled lizards (D:1)
  A goblin skeleton (D:3)
  2 hobgoblin zombies (D:3)
  3 kobolds
  A kobold skeleton (D:3)
  3 orc zombies (D:3)
  3 rats
81 creatures vanquished.

Notes
Turn   | Place    | Note
-------+----------+-------------------------------------------
     0 | D:1      | jasper the Mummy Conjurer began the quest for the Orb.
     0 | D:1      | Reached XP level 1. HP: 13/13 MP: 4/4
   352 | D:1      | Reached XP level 2. HP: 19/19 MP: 0/5
   355 | D:1      | Learned a level 2 spell: Searing Ray
   921 | D:1      | Reached skill level 4 in Conjurations
  1210 | D:2      | Reached XP level 3. HP: 24/24 MP: 0/7
  1309 | D:2      | Found a faded altar of an unknown god.
  2546 | D:3      | Noticed an ogre
  2563 | D:2      | Reached XP level 4. HP: 11/30 MP: 1/8
  2568 | D:2      | Learned a level 4 spell: Fulminant Prism
  2911 | D:3      | Killed an ogre
  2912 | D:3      | Reached skill level 5 in Conjurations
  2912 | D:3      | Reached XP level 5. HP: 4/35 MP: 0/9
  3854 | D:3      | Found Buenk's Armour Boutique.
  3865 | D:3      | Bought a +0 buckler for 58 gold pieces
  3885 | D:4      | Reached skill level 6 in Conjurations
  3885 | D:4      | Reached XP level 6. HP: 31/41 MP: 0/10
  4587 | D:3      | Killed from afar by an orc wizard

Illustrated notes

Levels and vault maps discovered:
D:1:      ebering_trefoil_twist, layout_basic
D:2:      layout_basic, shapermc_ecumenical_altar_petra, minmay_small_reverse_x
D:3:      layout_rooms, nicolae_tso_besieged_by_evil, serial_shops,
          nicolae_square_shop
D:4:      layout_basic, uniq_menkaure, uniq_natasha

Skill      XL: |  1  2  3  4  5 |
---------------+----------------+-----
Conjurations   | 4 5 6 |  6.6
Dodging        | |  1.5
Stealth        | |  1.5
Spellcasting   | |  2.6

Action                   |  1- 3 |  4- 6 || total
-------------------------+-------+-------++-------
Melee: Unarmed           |     6 |       ||     6
       Flail             |    13 |    27 ||    40
 Cast: Magic Dart        |    52 |    33 ||    85
       Searing Ray       |    11 |    22 ||    33
  Use: Scroll            |     3 |     1 ||     4
Armor: Robe              |     8 |     5 ||    13
Dodge: Dodged            |     9 |    35 ||    44
Block: Buckler           |       |     8 ||     8

Table legend: (Time is in decaauts)
 A = Elapsed time spent in this place.
 B = Non-inter-level travel time spent in this place.
 C = Inter-level travel time spent in this place.
 D = Time resting spent in this place.
 E = Time spent auto-exploring this place.
 F = Levels seen in this place.
 G = Mean time per level.
                   A        B        C        D        E       F      G
               +--------+--------+--------+--------+--------+-----+--------+
         Total |   4610 |   4387 |    223 |   1388 |   2479 |   4 | 1152.5 |
       Dungeon |   4610 |   4387 |    223 |   1388 |   2479 |   4 | 1152.5 |
               +--------+--------+--------+--------+--------+-----+--------+

Top non-repeatable levels by time:
     D:2: 2211 daAuts
     D:1: 1164 daAuts
     D:3: 992 daAuts
     D:4: 242 daAuts
